 Dungeon Sprint DCSS version bcrawl-1.20.1-3-gdcb1fc31ed (webtiles) character file.

Game seed: 2926214076097263994

4750 Freyura the Brawler (level 10, -3/114 HPs)
             Began as a Troll Fighter on Jan 30, 2020.
             Was the Champion of Cheibriados.
             Slain by a nine-headed hydra (8 damage)
             ... in the Dungeon (Sprint IX: "|||||||||||||||||||||||||||||").
             The game lasted 00:05:52 (483 turns).

Freyura the Brawler (Troll Fighter)                  Turns: 483, Time: 00:05:53

Health: -3/114     AC:  8    Str: 41    XL:     10   Next: 23%
Magic:  12/14      EV:  9    Int: 20    God:    Cheibriados [******]
Gold:   0          SH: 12    Dex: 30    Spells: 9/9 levels left

rFire    . . .     SeeInvis .     - Unarmed
rCold    . . .     Gourm    +   a - +0 shield
rNeg     . . .     Faith    .   (armour unavailable)
rPois    .         Spirit   .   (helmet restricted)
rElec    .         Reflect  .   (no cloak)
rCorr    .         Harm     .   (gloves unavailable)
MR       .....     NoTele   +   (boots unavailable)
Stlth    ++........             (no amulet)
HPRegen  0.69/turn              p - +3 ring of dexterity
MPRegen  0.14/turn              (no ring)

@: very slow
A: large, almost no armour, unfitting armour, claws 3, fast metabolism 3,
gourmand, regeneration 1, AC +8
a: Bend Time, Temporal Distortion, Slouch, Step From Time, Renounce Religion


You were in the Dungeon.
You worshipped Cheibriados.
Cheibriados was exalted by your worship.
You were completely stuffed.

You visited 1 branch

Inventory:

Armour
 a - a +0 shield (worn)
Jewellery
 p - a +3 ring of dexterity (left claw)
Wands
 m - a wand of acid (4)
Scrolls
 f - 3 scrolls of fog
 h - 2 scrolls of enchant armour
 i - 2 scrolls of blinking
 k - 3 scrolls of remove curse
 l - 2 scrolls of amnesia
 n - a scroll of identify
Potions
 b - a potion of resistance
 c - 3 potions of heal wounds
 d - a potion of agility
 g - 4 potions of magic
 j - 4 potions of curing
Comestibles
 e - 3 rations {!d}
 o - 2 chunks of flesh


   Skills:
 + Level 11.6 Fighting
 - Level 2.4 Dodging
 - Level 2.0 Shields
 * Level 17.9 Unarmed Combat
 + Level 6.9 Invocations


You had 9 spell levels left.
You didn't know any spells.
Your spell library was empty.

Dungeon Overview and Level Annotations

Branches:
Dungeon (1/1)

Altars:
Cheibriados
Dithmenos
Elyvilon
Fedhas
Gozag
Hepliaklqana
Kikubaaqudgha
Lugonu
Makhleb
Nemelex Xobeh
Okawaru
Qazlal
Ru
Sif Muna
Trog
Uskayaw
Vehumet
Wu Jian
Xom
Yredelemnul
Zin
The Shining One
Beogh
Jiyva


Innate Abilities, Weirdness & Mutations

You cannot wear most types of armour.
Your thick skin is tough. (AC +8)
You are too large for most types of armour.
You have claws for hands.
Your metabolism is lightning-fast.
You like to eat raw meat.
Your natural rate of healing is unusually fast.


Message History

The seven-headed hydra bites you!
* * * LOW HITPOINT WARNING * * *
The seven-headed hydra barely misses you.
The seven-headed hydra bites you.
* * * LOW HITPOINT WARNING * * *
The seven-headed hydra completely misses you.
You claw one of the seven-headed hydra's heads off!
The six-headed hydra grows two more!
You scratch the eight-headed hydra.
The eight-headed hydra is heavily wounded.
You claw one of the eight-headed hydra's heads off!
The seven-headed hydra grows two more!
You claw the nine-headed hydra!
The nine-headed hydra is heavily wounded.
The nine-headed hydra bites you.
* * * LOW HITPOINT WARNING * * *
The nine-headed hydra bites you.
* * * LOW HITPOINT WARNING * * *
The nine-headed hydra bites you!
* * * LOW HITPOINT WARNING * * *
The nine-headed hydra bites you!
You die...

▓.▓_▓
▓.▓.▓_▓
▓.▓.▓_▓
▓.▓.▓_▓
▓.▓.▓_▓
▓H▓.▓_▓
▓Y▓.▓_▓
▓D▓.▓_▓
▓@▓.▓_▓
▓.▓.▓_▓
▓.▓.▓_▓
▓.▓.▓_▓
▓.▓.▓_▓
▓.▓.▓_▓
▓.▓.▓_▓
▓†▓.▓_▓
▓÷▓.▓_▓


You could see a nine-headed hydra, a hippogriff and a yak.

Vanquished Creatures
  2 hydras (D)
  A manticore (D)
  2 cane toads (D)
  A polar bear (D)
  A shadow (D)
  2 wyverns (D)
  3 yaks (D)
  2 basilisks (D)
  2 water moccasins (D)
  An orc warrior (D)
  2 porcupines (D)
  2 ogres (D)
  A centaur (D)
  2 bullfrogs (D)
  2 hounds (D)
  2 worker ants (D)
  An adder skeleton (D)
  A bat (D)
  A giant cockroach (D)
  A hobgoblin (D)
  2 jackals (D)
  A frilled lizard (D)
  A quokka zombie (D)
  A rat (D)
37 creatures vanquished.

Notes
Turn   | Place    | Note
-------+----------+-------------------------------------------
     0 | D        | Freyura the Troll Fighter began the quest for the Orb.
     0 | D        | Reached XP level 1. HP: 22/22 MP: 0/0
    12 | D        | Reached skill level 3 in Unarmed Combat
    29 | D        | Noticed a centaur
    29 | D        | Noticed an ogre
    29 | D        | Noticed a worker ant
    38 | D        | Killed a worker ant
    38 | D        | Reached skill level 5 in Unarmed Combat
    38 | D        | Reached XP level 2. HP: 17/32 MP: 1/1
    38 | D        | Reached XP level 3. HP: 20/39 MP: 2/2
    50 | D        | Killed an ogre
    50 | D        | Reached skill level 5 in Fighting
    50 | D        | Reached skill level 7 in Unarmed Combat
    50 | D        | Gained mutation: Your natural rate of healing is unusually
                  | fast. [Troll growth]
    50 | D        | Reached XP level 4. HP: 50/50 MP: 3/3
    55 | D        | Killed a centaur
    55 | D        | Reached skill level 9 in Unarmed Combat
    55 | D        | Reached XP level 5. HP: 59/59 MP: 4/4
    80 | D        | Found a roughly hewn altar of Beogh.
    80 | D        | Found a snail-covered altar of Cheibriados.
    80 | D        | Found a shadowy altar of Dithmenos.
    80 | D        | Found a white marble altar of Elyvilon.
    80 | D        | Found a blossoming altar of Fedhas.
    80 | D        | Found an opulent altar of Gozag.
    81 | D        | Found a hazy altar of Hepliaklqana.
    82 | D        | Found a viscous altar of Jiyva.
    83 | D        | Found an ancient bone altar of Kikubaaqudgha.
    84 | D        | Became a worshipper of Cheibriados the Contemplative
    85 | D        | Found a corrupted altar of Lugonu.
    86 | D        | Found a burning altar of Makhleb.
    87 | D        | Found a sparkling altar of Nemelex Xobeh.
    88 | D        | Found an iron altar of Okawaru.
    89 | D        | Found a stormy altar of Qazlal.
    90 | D        | Found a sacrificial altar of Ru.
    91 | D        | Found a shimmering blue altar of Sif Muna.
    92 | D        | Found a bloodstained altar of Trog.
    93 | D        | Found a hide-covered altar of Uskayaw.
    94 | D        | Found a radiant altar of Vehumet.
    95 | D        | Found an ornate altar of the Wu Jian Council.
    96 | D        | Found a shimmering altar of Xom.
    97 | D        | Found a basalt altar of Yredelemnul.
    98 | D        | Found a glowing silver altar of Zin.
    99 | D        | Found a glowing golden altar of the Shining One.
   116 | D        | Got the +2 scimitar "Jygofu" {drain, rN+ Dex+7}
   129 | D        | Noticed a manticore
   129 | D        | Noticed an ogre
   129 | D        | Noticed a shadow
   132 | D        | Killed a shadow
   132 | D        | Reached skill level 11 in Unarmed Combat
   132 | D        | Reached XP level 6. HP: 62/71 MP: 5/5
   135 | D        | Reached * piety under Cheibriados
   139 | D        | Killed a manticore
   139 | D        | Reached skill level 13 in Unarmed Combat
   139 | D        | Reached XP level 7. HP: 50/81 MP: 6/6
   141 | D        | Reached ** piety under Cheibriados
   153 | D        | Noticed a four-headed hydra
   153 | D        | Noticed a wyvern
   153 | D        | Noticed a yak
   158 | D        | Killed a yak
   158 | D        | Reached *** piety under Cheibriados
   158 | D        | Reached XP level 8. HP: 59/92 MP: 7/7
   164 | D        | Killed a six-headed hydra
   164 | D        | Reached skill level 15 in Unarmed Combat
   165 | D        | Reached skill level 10 in Fighting
   173 | D        | Reached **** piety under Cheibriados
   173 | D        | Reached XP level 9. HP: 44/101 MP: 8/8
   359 | D        | Noticed a cane toad
   360 | D        | Noticed a polar bear
   361 | D        | Reached skill level 1 in Invocations
   363 | D        | Reached ***** piety under Cheibriados
   363 | D        | Reached skill level 16 in Unarmed Combat
   365 | D        | Killed a cane toad
   374 | D        | Killed a polar bear
   377 | D        | Reached ****** piety under Cheibriados
   463 | D        | Noticed a cane toad
   463 | D        | Noticed a six-headed hydra
   468 | D        | Killed an eight-headed hydra
   468 | D        | Reached skill level 17 in Unarmed Combat
   468 | D        | Reached skill level 5 in Invocations
   468 | D        | Reached XP level 10. HP: 82/114 MP: 11/13
   469 | D        | Noticed a six-headed hydra
   471 | D        | Killed a cane toad
   483 | D        | HP: 5/114 [nine-headed hydra (13)]
   483 | D        | Slain by a nine-headed hydra

Skill      XL: |  1  2  3  4  5  6  7  8  9 10 |
---------------+-------------------------------+-----
Unarmed Combat | 5 7 9 11 13 15 17 | 17.9
Fighting       | 3 5 7 8 9 10 11 | 11.6
Invocations    | 5 6 |  6.9
Dodging        | |  2.4
Shields        | |  2.0

Action                   |  1- 3 |  4- 6 |  7- 9 | 10-12 || total
-------------------------+-------+-------+-------+-------++-------
Melee: Unarmed           |    30 |    11 |    42 |    12 ||    95
Evoke: Wand              |       |       |     3 |     3 ||     6
  Use: Potion            |     2 |     1 |     3 |       ||     6
  Eat: Chunk             |     3 |     3 |     2 |       ||     8
Armor: Skin              |     8 |     1 |     6 |     4 ||    19
Dodge: Dodged            |     7 |     3 |     8 |     7 ||    25
Block: Shield            |     8 |     1 |    19 |     9 ||    37
